Map: Eternal Empire LE

Players

Heeebster - Winner!

  • Race: Protoss Protoss
  • Spawn Location: 7:00

A.I. 2 (Elite)

  • Race: Terran Terran
  • Spawn Location: 1:00

VOD

Have the link to the VOD?

Description

Time

  • Played on: March 26, 2020, 10:10 a.m.
  • Length: 11:48
Show
View Real Time Build Order
Export as new Build Order

Heeebster Protoss - Winner!

Build Orders: 1 Gate Expand, Zealot Archon, Colossus Rush 

Get SALT Encoding   

  12  0:01  Probe  
  13  0:13  Probe  
  14  0:19  Pylon  
  14  0:25  Probe  
  15  0:37  Probe (Chrono Boost)  
  15  0:40  Gateway  
  16  0:44  Assimilator  
  16  0:49  Probe (Chrono Boost)  
  17  0:57  Probe (Chrono Boost)  
  17  1:04  Probe  
  19  1:23  Nexus  
  19  1:33  Cybernetics Core  
  19  1:36  Probe  
  20  1:42  Assimilator  
  20  1:48  Probe  
  20  1:53  Pylon  
  21  2:00  Probe  
  22  2:08  Adept (Chrono Boost)  
  22  2:11  Warp Gate  
  22  2:13  Probe  
  25  2:26  Gateway  
  25  2:27  Probe  
  26  2:32  Stalker  
  26  2:35  Probe  
  29  2:40  Probe  
  30  2:48  Gateway  
  30  2:57  Probe x2  
  32  3:02  Sentry  
  34  3:09  Probe x2  
  34  3:12  Robotics Facility  
  38  3:21  Probe  
  38  3:22  Stalker (Chrono Boost)  
  38  3:23  Probe  
  40  3:33  Stalker (Chrono Boost), Pylon  
  40  3:39  Probe x2  
  44  3:51  Probe x2, Pylon  
  46  3:59  Observer  
  47  4:03  Assimilator  
  47  4:04  Probe x2 (Chrono Boost)  
  47  4:05  Pylon  
  47  4:06  Assimilator  
  49  4:16  Probe x2 (Chrono Boost)  
  51  4:20  Observer  
  51  4:23  Robotics Bay, Probe x2 (Chrono Boost)  
  54  4:30  Probe  
  54  4:31  Probe  
  56  4:41  Nexus  
  56  4:42  Pylon  
  56  4:43  Probe  
  56  4:44  Probe  
  58  4:55  Forge  
  58  4:57  Twilight Council  
  58  4:59  Probe x2  
  60  5:05  Stalker  
  62  5:07  Stalker  
  62  5:11  Stalker  
  66  5:18  Probe x2  
  68  5:24  Protoss Ground Weapons Level 1 (Chrono Boost), Colossus (Chrono Boost)  
  68  5:27  Pylon  
  74  5:30  Charge  
  74  5:37  Probe  
  74  5:38  Probe  
  76  5:43  Pylon  
  76  5:45  Extended Thermal Lance  
  76  5:51  Probe  
  76  5:52  Probe  
  76  5:53  Probe  
  79  6:05  Colossus (Chrono Boost), Probe x3  
  79  6:10  Pylon  
  88  6:12  Sentry  
  88  6:13  Sentry  
  88  6:17  Probe x3  
  95  6:21  Pylon  
  95  6:30  Gateway  
  95  6:31  Gateway  
  95  6:35  Probe x2  
  95  6:36  Probe  
  95  6:37  Gateway  
  95  6:39  Gateway, Pylon  
  98  6:41  Assimilator  
  98  6:43  Assimilator  
  98  6:45  Colossus (Chrono Boost)  
  104  7:05  Templar Archives  
  104  7:10  Pylon  
  104  7:11  Stalker x3  
  104  7:12  Pylon  
  110  7:16  Pylon  
  110  7:25  Protoss Ground Weapons Level 2 (Chrono Boost)  
  110  7:32  Immortal  
  113  7:43  Gateway  
  113  7:45  Gateway  
  113  7:46  Gateway  
  113  7:47  High Templar x2  
  113  7:49  Zealot x4  
  113  7:50  Zealot  
  127  7:52  Archon  
  127  8:00  Pylon  
  127  8:01  Pylon  
  127  8:10  Gateway  
  127  8:11  High Templar x3  
  127  8:12  Gateway  
  133  8:14  Gateway, High Templar  
  133  8:16  Zealot, Archon  
  133  8:18  Archon  
  137  8:21  Zealot x2  
  141  8:27  Pylon  
  141  8:29  Pylon  
  141  8:34  Gateway  
  141  8:36  Gateway  
  141  8:39  Gateway  
  141  8:40  High Templar x2  
  145  8:42  Zealot x4  
  145  8:43  Zealot x3  
  145  8:47  Archon  
  159  8:54  Zealot  
  161  8:56  Pylon  
  161  8:57  Immortal (Chrono Boost)  
  161  9:01  Pylon  
  165  9:03  High Templar x2  
  165  9:05  Zealot x3  
  165  9:07  Zealot  
  165  9:08  Archon  
  165  9:21  High Templar  
  165  9:22  Zealot x5  
  151  9:35  High Templar x2  
  155  9:39  Zealot x6  
  155  9:41  Archon  
  167  9:58  High Templar x2  
  171  10:01  Nexus  
  171  10:02  Pylon  
  171  10:08  Warp Prism  
  171  10:11  Zealot x2  
  177  10:28  High Templar  
  177  10:29  High Templar  
  177  10:30  Zealot x5  
  177  10:31  Zealot x2  
  171  10:45  Gateway  
  171  10:47  Gateway  
  167  10:50  Gateway  
  163  10:59  High Templar x2  
  163  11:01  Zealot x6  
  163  11:04  Archon  
  173  11:18  Zealot x2  
  173  11:19  Gateway, Zealot x4  
  173  11:20  Zealot  
  185  11:32  High Templar x4  
  185  11:36  Zealot x5  
  185  11:37  Archon  
  185  11:38  Archon x2  
Show
View Real Time Build Order
Export as new Build Order

A.I. 2 (Elite) Terran 

Build Orders:  

Get SALT Encoding   

  12  0:00  SCV  
  13  0:13  SCV  
  14  0:18  Supply Depot  
  14  0:25  SCV  
  15  0:40  SCV  
  15  0:42  Barracks  
  16  0:52  SCV  
  17  1:04  SCV  
  18  1:16  SCV  
  19  1:20  Command Center  
  19  1:30  Marine  
  20  1:34  Orbital Command  
  20  1:45  Supply Depot  
  20  1:48  Marine  
  20  1:52  Refinery  
  21  1:59  SCV  
  22  2:05  Marine  
  23  2:10  Barracks  
  23  2:11  SCV  
  24  2:16  Refinery  
  24  2:23  SCV, Marine  
  24  2:29  Supply Depot  
  26  2:36  SCV  
  27  2:45  Orbital Command  
  27  2:48  Marine  
  27  2:51  SCV  
  29  3:03  SCV, Factory  
  29  3:05  Marine  
  30  3:08  Marine  
  33  3:12  SCV  
  33  3:15  SCV  
  34  3:23  Marine  
  34  3:25  SCV  
  34  3:26  Marine  
  37  3:27  SCV  
  37  3:31  Barracks  
  38  3:37  SCV  
  38  3:39  SCV  
  40  3:41  Barracks Tech Lab  
  40  3:45  Barracks Tech Lab  
  40  3:49  SCV, Starport, Factory Tech Lab  
  40  3:51  SCV  
  42  3:59  Marine  
  42  4:00  Stimpack  
  42  4:01  SCV  
  44  4:03  SCV, Marine  
  44  4:04  Combat Shield  
  44  4:09  Supply Depot  
  46  4:16  SCV  
  47  4:17  SCV  
  47  4:18  Marine  
  47  4:20  Marine  
  47  4:22  Marine  
  51  4:28  SCV  
  51  4:29  SCV  
  51  4:30  Supply Depot  
  51  4:31  Medivac  
  55  4:40  SCV  
  55  4:41  SCV, Siege Tank  
  55  4:42  Marine  
  55  4:43  Marine  
  55  4:45  Supply Depot  
  62  4:51  Marine  
  62  4:52  SCV  
  64  4:53  SCV  
  64  4:54  Supply Depot  
  64  4:58  Engineering Bay  
  65  5:00  Medivac  
  65  5:05  Marauder  
  69  5:07  Refinery  
  69  5:10  SCV, Marauder, Refinery  
  69  5:13  SCV  
  73  5:22  SCV  
  73  5:25  SCV  
  73  5:27  Marauder  
  77  5:28  Engineering Bay  
  77  5:30  Supply Depot  
  77  5:31  Marauder  
  77  5:34  SCV  
  80  5:37  SCV, Command Center  
  81  5:46  SCV, Terran Infantry Weapons Level 1  
  81  5:48  Marauder  
  81  5:49  SCV  
  85  5:54  Supply Depot  
  85  5:55  Marauder  
  87  5:58  SCV  
  87  6:00  Terran Infantry Armor Level 1  
  87  6:02  Barracks Reactor  
  88  6:06  Missile Turret  
  88  6:08  Missile Turret  
  88  6:10  Marauder  
  90  6:15  Barracks, Starport Reactor  
  90  6:16  Marauder  
  92  6:18  Concussive Shells  
  92  6:22  Supply Depot  
  92  6:31  Marauder  
  92  6:32  SCV, Missile Turret  
  94  6:37  Marine  
  95  6:43  Marine  
  95  6:46  Supply Depot, Marine  
  97  6:50  SCV  
  97  6:51  SCV, Viking x2  
  97  6:52  SCV, Marauder, Refinery  
  106  7:02  SCV  
  106  7:03  SCV  
  106  7:05  SCV  
  106  7:08  Marauder  
  111  7:14  SCV, Marauder  
  114  7:17  SCV  
  114  7:18  Supply Depot  
  114  7:19  SCV  
  114  7:21  Viking x2  
  120  7:25  Missile Turret  
  120  7:26  SCV  
  120  7:27  Missile Turret  
  120  7:29  SCV  
  122  7:31  SCV  
  122  7:36  Marauder  
  125  7:38  SCV, Marauder  
  125  7:41  SCV  
  125  7:43  SCV  
  130  7:44  Supply Depot  
  130  7:50  SCV  
  131  7:51  Missile Turret, Viking, Medivac  
  131  7:53  SCV  
  131  7:55  SCV  
  131  7:57  Marauder  
  139  8:03  Armory  
  139  8:06  Orbital Command  
  139  8:09  Supply Depot  
  139  8:10  Marauder  
  141  8:14  Missile Turret  
  141  8:21  Viking, Medivac  
  141  8:26  SCV  
  141  8:27  Factory  
  145  8:29  Starport  
  145  8:34  Supply Depot  
  145  8:35  Command Center  
  145  8:49  Terran Infantry Weapons Level 2  
  145  8:50  Armory  
  145  8:51  Viking x2  
  145  8:52  Terran Ship Weapons Level 1  
  149  8:57  Supply Depot  
  149  9:04  Refinery  
  149  9:05  Starport Tech Lab  
  149  9:08  Marine  
  149  9:09  Marine  
  151  9:10  Factory Tech Lab, Marine  
  151  9:14  Fusion Core  
  139  9:21  Viking, Marine x2  
  108  9:27  Marauder x2, Raven  
  108  9:28  Viking, Marine  
  98  9:39  Marine x2  
  98  9:45  Ghost Academy  
  100  9:46  Marine  
  100  9:48  SCV, Marauder  
  100  9:49  Marauder  
  100  9:51  Viking  
  107  9:56  Refinery  
  107  9:57  Marine  
  107  9:58  Viking, Marine  
  111  10:00  Refinery  
  111  10:03  Marine  
  111  10:04  Planetary Fortress  
  112  10:07  Missile Turret  
  112  10:10  Marauder x2, Viking  
  112  10:12  Missile Turret  
  118  10:15  Marine  
  118  10:21  Medivac, Marine x2  
  123  10:29  SCV  
  123  10:30  Ghost  
  123  10:31  SCV, Marine  
  115  10:42  SCV  
  87  10:44  Marine  
  87  10:47  Marine  
  87  10:49  Marauder  
  53  10:50  Marine  
  53  10:52  Raven  
  53  10:56  SCV  
  53  10:57  SCV  
  53  10:59  Marine  
  53  11:02  SCV, Marine  
  50  11:05  Marine  
  50  11:08  SCV  
  50  11:09  SCV, Marine  
  50  11:10  Ghost  
  47  11:14  SCV  
  47  11:17  Marine  
  39  11:20  SCV, Marine  
  28  11:26  SCV  
  28  11:32  SCV  
Tags
 
Add a new tag
Caveats
  • Supply blocks, unpowered buildings, or Contaminate may cause inaccurate times.
  • Supply counts are checked every 10 seconds.